 Dungeon Crawl Stone Soup version 0.31-a0-851-g7ff8af7976 (webtiles) character file.

Game seed: 14935681397808852513

1929 randomguy2701 the Thaumaturge (level 8, -7/42 HPs)
             Began as a Deep Elf Conjurer on Oct 7, 2023.
             Killed from afar by an orc wizard (9 damage)
             ... with a magic dart
             ... on level 6 of the Dungeon.
             The game lasted 00:09:27 (6173 turns).

randomguy2701 the Thaumaturge (Deep Elf Conjurer)   Turns: 6173, Time: 00:09:27

Health: -7/42      AC:  4    Str:  4    XL:     8   Next: 96%
Magic:  7/24       EV: 12    Int: 29    God:
Gold:   364        SH:  0    Dex: 13    Spells: 24/27 levels left

rFire   . . .        A - +3 hand axe
rCold   . . .        (no shield)
rNeg    . . .        w - +0 leather armour "Ykosetzo" {-Tele Will++ rCorr Int+3}
rPois   .            v - +0 helmet
rElec   .            (no cloak)
rCorr   +            (no gloves)
SInv    .            (no boots)
Will    ++...        q - amulet of regeneration
Stlth   ++           j - ring of resist corrosion
HPRegen 1.07/turn    (no ring)
MPRegen 0.19/turn

%: no teleportation
@: mighty, lethally poisoned (-7 -> -8), hasted, very quick
A: no striking features
a: no special abilities


You were on level 6 of the Dungeon.
You visited 1 branch of the dungeon, and saw 6 of its levels.

You collected 364 gold pieces.

Inventory:

Hand Weapons
 A - a +3 hand axe (weapon)
Missiles
 s - 3 throwing nets
Armour
 u - a +2 robe of willpower
 v - a +0 helmet (worn)
 w - the +0 leather armour "Ykosetzo" (worn) {-Tele Will++ rCorr Int+3}
   (You found it on level 5 of the Dungeon)

   Int+3:     It affects your intelligence (+3).
   Will++:    It greatly increases your willpower.
   -Tele:     It prevents most forms of teleportation.
   rCorr:     It protects you from acid and corrosion.
Jewellery
 j - a ring of resist corrosion (left hand)
 q - an amulet of regeneration (around neck)
 y - a ring of wizardry
Wands
 r - a wand of iceblast (4)
 x - a wand of paralysis (13)
Scrolls
 a - a scroll of butterflies {unknown}
 c - 2 scrolls of teleportation {unknown}
 d - 4 scrolls of enchant weapon {unknown}
 k - a scroll of noise {unknown}
 o - 3 scrolls of identify {unknown}
 p - a scroll of vulnerability {unknown}
 t - 4 scrolls of fear {unknown}
Potions
 b - a potion of magic
 e - a potion of haste
 f - a potion of curing {unknown}
 g - a potion of degeneration {unknown}
 h - a potion of lignification {unknown}
 i - a potion of berserk rage {unknown}
 l - a potion of heal wounds
 m - 2 potions of brilliance {unknown}
 n - 2 potions of mutation {unknown}
 z - 2 potions of might
 B - 2 potions of enlightenment {unknown}


   Skills:
 + Level 0.5 Fighting
 - Level 0.6 Armour
 * Level 5.4 Dodging
 + Level 4.5 Stealth
 + Level 10.4 Spellcasting
 + Level 8.8 Conjurations
 + Level 0.4 Evocations


You had 24 spell levels left.
You knew the following spells:

 Your Spells              Type           Power      Damage    Failure   Level
a - Magic Dart            Conj           100%       1d8       1%          1
b - Searing Ray           Conj           100%       2d8       1%          2

Your spell library contained the following spells:

 Spells                   Type           Power      Damage    Failure   Level
 Dazzling Flash           Conj/Hex       80%        N/A       3%          3
 Apportation              Tloc           30%        N/A       6%          1
 Necrotise                Necr           60%        1d7       6%          1
 Summon Small Mammal      Summ           60%        N/A       6%          1
 Blink                    Tloc           30%        N/A       10%         2
 Lesser Beckoning         Tloc           30%        N/A       10%         2
 Fulminant Prism          Conj/Hex       20%        3d12      11%         4
 Iskenderun's Mystic Bla  Conj/Tloc      40%        2d9       11%         4
 Gell's Gravitas          Tloc           15%        N/A       19%         3
 Teleport Other           Tloc           15%        N/A       19%         3
 Manifold Assault         Tloc           15%        N/A       54%         4


Dungeon Overview and Level Annotations

Branches:
Dungeon (6/15)
 Temple: D:4-7

Altars:

Shops:
D:4 *

Annotations:
D:5 2 transporters


Message History

You feel sick.
Unknown command.
Casting: Searing Ray (safe; 1% risk of failure)
Confirm with . or Enter, or press ? or * to list all spells.
Restarting spell: Searing Ray (safe; 1% risk of failure)
Press: ? - help, Shift-Dir - straight line, f/p - Edmund
Aim: Edmund, wielding a +2 flail of protection and wearing a +0 ring mail (almost dead, 85% to hit)
The searing ray hits Edmund.
You kill Edmund! (Press . to maintain the ray.)
* * * LOW HITPOINT WARNING * * *
You feel very sick.
Casting: Searing Ray (safe; 1% risk of failure)
Confirm with . or Enter, or press ? or * to list all spells.
Restarting spell: Searing Ray (safe; 1% risk of failure)
Press: ? - help, Shift-Dir - straight line, f - orc
Aim: an orc, wielding a +0 hand axe (moderately wounded, 83% to hit)
The searing ray misses the orc. (Press . to maintain the ray.)
* * * LOW HITPOINT WARNING * * *
You feel sick.
The searing ray hits the orc.
You kill the orc!
You feel sick.
* * * LOW HITPOINT WARNING * * *
You feel sick.
There is a strange disturbance nearby!
Casting: Searing Ray (safe; 1% risk of failure)
Confirm with . or Enter, or press ? or * to list all spells.
You can't see any susceptible monsters within range! (Use Z to cast anyway.)
Casting: Searing Ray (safe; 1% risk of failure)
Confirm with . or Enter, or press ? or * to list all spells.
Aiming: Searing Ray (safe; 1% risk of failure)
Press: ? - help, Shift-Dir - straight line (Press . to maintain the ray.)
You feel sick.
You feel sick.
A magic dart appears from out of thin air!
The magic dart hits you!
You die...

... o .. ..#
#.#########
....##.~~≈≈≈≈≈≈#
#..{.~≈≈≈≈≈#
#.~~≈≈≈≈#
#~~≈~~≈##
#.~~~o####
#~~~~≈.#@#
.#.~~≈..#)#
#...~~~~...#
###.≈..~{..#
#..~~~~..##
...~~~~~~##
....~~~~~#
...~~~~~#
...~~~~.#


There were no monsters in sight!

Vanquished Creatures
  5 yaks (D:6)
  Edmund (D:6)
  A water moccasin (D:6)
  Duvessa (D:4)
  A sky beast (D:5)
  2 black bears (D:5)
  An ogre (D:5)
  A scorpion (D:5)
  Dowan (D:4)
  A hound (D:5)
  An orc priest (D:5)
  3 iguanas
  3 orc wizards (D:6)
  3 gnolls
  6 adders
  2 white imps (D:5)
  An ufetubus (D:5)
  3 worms
  6 dart slugs
  27 orcs
  9 ball pythons
  4 bats (D:1)
  5 endoplasms
  2 giant cockroaches
  6 goblins
  3 hobgoblins
  9 quokkas
  3 frilled lizards
  4 kobolds
  6 rats
121 creatures vanquished.

Notes
Turn   | Place    | Note
-------+----------+-------------------------------------------
     0 | D:1      | randomguy2701 the Deep Elf Conjurer began the quest for the
                  | Orb.
     0 | D:1      | Reached XP level 1. HP: 10/10 MP: 6/6
   132 | D:1      | Reached XP level 2. HP: 11/15 MP: 2/8
   474 | D:1      | Found a faded altar of an unknown god.
   574 | D:1      | Reached skill level 5 in Conjurations
  1228 | D:2      | Learned a level 2 spell: Searing Ray
  1322 | D:2      | Reached XP level 3. HP: 19/19 MP: 7/9
  2306 | D:3      | Reached XP level 4. HP: 24/24 MP: 7/11
  2923 | D:4      | Reached skill level 4 in Spellcasting
  3528 | D:4      | Noticed Duvessa
  3529 | D:4      | Noticed Dowan
  3538 | D:4      | Killed Dowan
  3539 | D:4      | Reached XP level 5. HP: 16/28 MP: 1/14
  3540 | D:4      | Killed Duvessa
  3541 | D:4      | Reached skill level 5 in Spellcasting
  3541 | D:4      | Reached XP level 6. HP: 8/32 MP: 0/16
  3830 | D:4      | Found Qurphi Meall's Gadget Gallery.
  4065 | D:5      | Entered Level 5 of the Dungeon
  4229 | D:5      | Reached skill level 6 in Spellcasting
  4303 | D:5      | Found a transporter.
  4318 | D:5      | Found a transporter.
  4322 | D:5      | Identified the +0 leather armour "Ykosetzo" {-Tele Will++
                  | rCorr Int+3}
  4472 | D:5      | Reached skill level 7 in Spellcasting
  4472 | D:5      | Reached XP level 7. HP: 36/36 MP: 9/19
  4973 | D:5      | Reached skill level 8 in Spellcasting
  5381 | D:6      | Noticed a yak
  5383 | D:6      | Noticed a yak
  5393 | D:6      | Noticed a yak
  5393 | D:6      | Noticed a yak
  5394 | D:6      | Noticed a yak
  5425 | D:6      | Killed a yak
  5426 | D:6      | Reached XP level 8. HP: 25/41 MP: 14/22
  5474 | D:6      | Reached skill level 9 in Spellcasting
  5554 | D:6      | Reached skill level 5 in Dodging
  6022 | D:6      | Reached skill level 10 in Spellcasting
  6146 | D:6      | Noticed Edmund
  6168 | D:6      | Killed Edmund
  6171 | D:6      | HP: 2/42 [poisoned by a water moccasin]
  6173 | D:6      | Killed from afar by an orc wizard

Illustrated notes

Levels and vault maps discovered:
D:1:      eino_arrival_water_star, layout_basic,
          dreamdust_ecumenical_altar_sealed_demon
D:2:      layout_loops_cross, minmay_tree_intersection, minivault_5
D:3:      layout_rooms, serial_glass, glass_columns_a, glass_columns_c,
          glass_columns_c, glass_columns_b, glass_columns_b, glass_columns_b
D:4:      layout_basic, st_stairs_8, nicolae_shop_gadgets, uniq_duvessa
D:5:      gammafunk_steamed_eel, layout_rooms, minmay_checkerbox
D:6:      layout_basic, minmay_temple_entry_antechambers, serial_rivers,
          chequers_serial_rivers_marsh, chequers_serial_rivers_large_a,
          chequers_serial_rivers_micro_d, chequers_serial_rivers_small_b,
          chequers_serial_rivers_small_b, minivault_4, minmay_ruffians,
          uniq_edmund

Skill      XL: |  1  2  3  4  5  6  7  8 |
---------------+-------------------------+-----
Conjurations   | 5 6 7 8 |  8.8
Spellcasting   | 4 5 7 8 10 | 10.4
Stealth        | 3 4 |  4.5
Dodging        | 3 5 |  5.4
Fighting       | |  0.5
Armour         | |  0.6
Evocations     | |  0.4

Action                     |  1- 3 |  4- 6 |  7- 9 || total
---------------------------+-------+-------+-------++-------
   Cast: Magic Dart        |    74 |   101 |    73 ||   248
         Searing Ray       |     1 |     9 |    24 ||    34
  Evoke: Wand              |       |     1 |       ||     1
    Use: Potion            |       |       |     3 ||     3
 Armour: Robe              |     5 |     6 |       ||    11
         Leather armour    |       |     8 |    45 ||    53
  Dodge: Dodged            |     1 |    17 |    30 ||    48

Table legend: (Time is in decaauts)
 A = Elapsed time spent in this place.
 B = Non-inter-level travel time spent in this place.
 C = Inter-level travel time spent in this place.
 D = Time resting spent in this place.
 E = Time spent auto-exploring this place.
 F = Levels seen in this place.
 G = Mean time per level.
                   A        B        C        D        E       F      G
               +--------+--------+--------+--------+--------+-----+--------+
         Total |   6191 |   5639 |    552 |      0 |   4966 |   6 | 1031.8 |
       Dungeon |   6191 |   5639 |    552 |      0 |   4966 |   6 | 1031.8 |
               +--------+--------+--------+--------+--------+-----+--------+

Top non-repeatable levels by time:
     D:4: 1557 daAuts
     D:1: 1299 daAuts
     D:2: 1050 daAuts
     D:5: 812 daAuts
     D:6: 738 daAuts
     D:3: 733 daAuts
